 Dungeon Crawl Stone Soup version 0.27-a0-774-g3e622ea735 (webtiles) character file.

Game seed: 7886128483297451029

144 Aggronaut the Stinger (level 5, -3/35 HPs)
             Began as a Demonspawn Venom Mage on Mar 25, 2021.
             Slain by Sigmund
             ... wielding a +0 scythe
              (12 damage)
             ... on level 3 of the Dungeon.
             The game lasted 00:10:24 (2878 turns).

Aggronaut the Stinger (Demonspawn Venom Mage)       Turns: 2878, Time: 00:10:24

Health: -3/35      AC:  3    Str:  7 (8)  XL:     5   Next: 5%
Magic:  1/8        EV: 12    Int: 15 (17) God:
Gold:   76         SH:  0    Dex: 12 (14) Spells: 1/8 levels left

rFire    . . .     SeeInvis .   i - staff of poison
rCold    . . .     Faith    .   (no shield)
rNeg     . . .     Spirit   .   a - +0 robe
rPois    +         Reflect  .   (no helmet)
rElec    .         Harm     .   (no cloak)
rCorr    .         Rampage  .   (no gloves)
Will     .....                  b - +0 pair of boots
Stlth    +.........             (no amulet)
HPRegen  0.11/turn              (no ring)
MPRegen  0.11/turn              (no ring)

@: confused
A: large bone plates 1, demonic guardian 1
a: no special abilities


You were on level 3 of the Dungeon.
You visited 1 branch of the dungeon, and saw 3 of its levels.

You collected 76 gold pieces.

Inventory:

Hand Weapons
 c - a +0 short sword
Armour
 a - a +0 robe (worn)
 b - a +0 pair of boots (worn)
Magical Staves
 i - a staff of poison (weapon)
Scrolls
 f - a scroll of magic mapping {unknown}
 g - a scroll of noise {unknown}
 j - a scroll of identify {unknown}
Potions
 d - a potion of mutation {unknown}
 e - 2 potions of degeneration
 h - 2 potions of brilliance {unknown}
 k - a potion of lignification {unknown}


   Skills:
 + Level 1.5 Staves
 - Level 1.7 Dodging
 - Level 3.1 Stealth
 - Level 2.0 Spellcasting
 - Level 0.8 Transmutations
 * Level 4.7 Poison Magic


You had one spell level left.
You knew the following spells:

 Your Spells              Type           Power      Damage    Failure   Level
a - Sting                 Tmut/Pois      56%        1d5       7%          1
b - Mephitic Cloud        Conj/Pois/Air  9%         N/A       34%         3
c - Ignite Poison         Fire/Tmut/Pois 10%        N/A       30%         3

Your spell library contained the following spells:

 Spells                   Type           Power      Damage    Failure   Level
 Poisonous Vapours        Pois/Air       24%        N/A       13%         2
 Olgreb's Toxic Radiance  Pois           23%        N/A       32%         4
 Confusing Touch          Hex            1%         N/A       54%         3
 Gell's Gravitas          Tloc           0%         N/A       54%         3
 Petrify                  Tmut/Erth      2%         N/A       88%         4
 Metabolic Englaciation   Hex/Ice        0%         N/A       99%         5
 Yara's Violent Unravell  Hex/Tmut       1%         3d3       99%         5
 Haunt                    Necr/Summ      0%         N/A       100%        7
 Malign Gateway           Summ/Tloc      0%         N/A       100%        7
 Monstrous Menagerie      Summ           0%         N/A       100%        7
 Summon Horrible Things   Summ           0%         N/A       100%        8


Dungeon Overview and Level Annotations

Branches:
Dungeon (3/15)

Altars:
Ru

Annotations:
D:3 Sigmund


Innate Abilities, Weirdness & Mutations

You are partially covered in large bone plates. (SH +4)
A weak demonic guardian rushes to your aid.


Message History

Your quasit disappears in a puff of smoke!
A magic dart appears from out of thin air!
The magic dart hits you.
It was a potion of degeneration.
There was something very wrong with that liquid.
You feel weakened.
You feel dopey.
You feel clumsy.
A puff of flame appears from out of thin air!
The puff of flame hits you!
Casting: Sting (safe; 7% risk of failure)
Confirm with . or Enter, or press ? or * to list all spells.
The spell is quite dangerous to cast (34% risk of failure)!
Continue anyway?
Aiming: Mephitic Cloud (quite dangerous; 34% risk of failure)
Press: ? - help, Shift-Dir - straight line You feel a surge of power!
You miscast Mephitic Cloud.
You are very lightly contaminated with residual magic.
Nothing appears to happen.
Something barely misses you.
Casting: Mephitic Cloud (quite dangerous; 34% risk of failure)
Confirm with . or Enter, or press ? or * to list all spells.
You don't have enough magic to cast this spell.
There is a strange disturbance nearby!
You hear some strange, mumbled words.
You are confused.
You bump into the rock wall.
Something hits you.
* * * LOW HITPOINT WARNING * * *
A demonic guardian appears!
You hear some strange, mumbled words.
You are more confused.
You bump into the rock wall.
Something hits you but does no damage.
Your shadow imp hits something but does no damage.
You bump into the rock wall.
You hear some strange, mumbled words.
A puff of flame appears from out of thin air!
The puff of flame misses you.
Your shadow imp completely misses something.
Your shadow imp barely misses something.
Your magical contamination has completely faded away.
There is an open door here.
Your shadow imp hits something but does no damage.
Something hits you!
You die...

##...............#
#................#
#)#..............#
#.##.....#.......#
##.##.###.#.......# ...##.#
###.......# ...##.# #.##....#
...##.# #.##..(.# ...##.#
#.##..@.##.# #....##
...##.#####.####'###.#####.#...#
...##.......# #.........#.##..#
...########## #.5##.###.#.##..#
.......# ##.#...<#.#.##..#
.#####.# #.#....#.#.##..#+
.#####.# #....###.#.......
.....#.# ##.......'.......
####.#.###########.#(#####.......


You could see a friendly shadow imp (summoned).

Vanquished Creatures
  An orc priest (D:3)
  Jessica (D:3)
  An orc wizard (D:2)
  An adder (D:2)
  A worm (D:2)
  5 orcs (D:3)
  5 ball pythons
  4 bats
  3 endoplasms
  A giant cockroach (D:1)
  5 goblins
  4 hobgoblins
  2 jackals (D:1)
  2 quokkas
  2 frilled lizards (D:1)
  7 kobolds
  3 rats
48 creatures vanquished.

Notes
Turn   | Place    | Note
-------+----------+-------------------------------------------
     0 | D:1      | Aggronaut the Demonspawn Venom Mage began the quest for the
                  | Orb.
     0 | D:1      | Reached XP level 1. HP: 13/13 MP: 3/3
   288 | D:1      | Gained mutation: You are partially covered in large bone
                  | plates. (SH +4) [demonic ancestry]
   288 | D:1      | Reached XP level 2. HP: 13/19 MP: 1/5
  1347 | D:2      | Reached XP level 3. HP: 24/24 MP: 0/6
  2068 | D:2      | Found a sacrificial altar of Ru.
  2139 | D:2      | Reached skill level 4 in Poison Magic
  2139 | D:2      | Reached XP level 4. HP: 30/30 MP: 2/7
  2497 | D:3      | Noticed Jessica
  2561 | D:3      | Killed Jessica
  2562 | D:3      | Reached skill level 1 in Staves
  2606 | D:3      | Gained mutation: A weak demonic guardian rushes to your
                  | aid. [demonic ancestry]
  2606 | D:3      | Reached XP level 5. HP: 27/35 MP: 1/8
  2688 | D:3      | Learned a level 3 spell: Mephitic Cloud
  2692 | D:3      | Learned a level 3 spell: Ignite Poison
  2826 | D:3      | Noticed Sigmund
  2878 | D:3      | Slain by Sigmund

Illustrated notes

Levels and vault maps discovered:
D:1:      zelgadis_glass_arrival_small, layout_loops_ring
D:2:      layout_loops_ring, nicolae_ru_great_annihilating_truth
D:3:      layout_basic, kennysheep_slug_shrine, uniq_jessica, uniq_sigmund

Skill      XL: |  1  2  3  4 |
---------------+-------------+-----
Stealth        | 2 3 |  3.1
Poison Magic   | 4 |  4.7
Staves         | 1 |  1.5
Dodging        | |  1.7
Spellcasting   | |  2.0
Transmutations | |  0.8

Action                   |  1- 3 |  4- 6 || total
-------------------------+-------+-------++-------
Melee: Short sword       |    23 |       ||    23
       Staff             |     4 |     5 ||     9
 Cast: Sting             |    67 |    26 ||    93
       Mephitic Cloud    |       |     1 ||     1
  Use: Scroll            |     1 |       ||     1
       Potion            |       |     1 ||     1
Armor: Robe              |    13 |     3 ||    16
Dodge: Dodged            |    37 |    13 ||    50
Block: Other             |    12 |     4 ||    16

Table legend: (Time is in decaauts)
 A = Elapsed time spent in this place.
 B = Non-inter-level travel time spent in this place.
 C = Inter-level travel time spent in this place.
 D = Time resting spent in this place.
 E = Time spent auto-exploring this place.
 F = Levels seen in this place.
 G = Mean time per level.
                   A        B        C        D        E       F      G
               +--------+--------+--------+--------+--------+-----+--------+
         Total |   2880 |   2836 |     44 |   1073 |   1131 |   3 |  960.0 |
       Dungeon |   2880 |   2836 |     44 |   1073 |   1131 |   3 |  960.0 |
               +--------+--------+--------+--------+--------+-----+--------+

Top non-repeatable levels by time:
     D:1: 1227 daAuts
     D:2: 1099 daAuts
     D:3: 553 daAuts
